[Event "GER-ch Youth-U16 2022"]
[Site "Willingen"]
[Date "2022.06.08"]
[Round "6.12"]
[White "Neuber, Pascal"]
[Black "Spriestersbach, Kai"]
[Result "1-0"]
[ECO "B20"]
[WhiteElo "1802"]
[BlackElo "1948"]
[Annotator "TA"]
[PlyCount "85"]
[EventDate "2022.06.05"]
[EventType "swiss"]
[EventRounds "9"]
[EventCountry "GER"]
[SourceTitle "playchess.com"]
[Source "ChessBase"]
[SourceQuality "1"]
[TimeControl "40/4500+30:900+30"]

1. e4 c5 2. c4 Nc6 3. Nc3 g6 4. g3 Bg7 5. Bg2 d6 6. Nge2 e5 7. d3 Nge7 8. O-O O-O 9. Bg5 {[%emt 0:00:00] A36: Symmetrical English vs ...g6: 4 Bg2 Bg7.} h6 10. Be3 Nd4 11. Qd2 {[%emt 0:00:00] The position is equal.} Kh7 12. f4 {[%emt 0:00:00] [#]} exf4 $146 ({Predecessor:} 12... f5 13. fxe5 dxe5 14. Nd5 Rb8 15. Nec3 Nec6 16. Rab1 Be6 17. a3 Nb3 18. Qd1 Ncd4 {½-½ (42) Kleinert,A (1845)-Gausmann,T (1563) Gelsenkirchen 2018}) 13. Nxf4 Rb8 14. Rab1 Nec6 15. Nfd5 b5 16. b3 b4 17. Ne2 Nxe2+ 18. Qxe2 Nd4 19. Qd2 Be6 20. Nf4 Bd7 21. Ne2 Nxe2+ 22. Qxe2 a5 23. Rbd1 Qb6 24. Qd2 Bc3 25. Qc1 Bg7 26. Qd2 Bg4 27. Bf3 Bxf3 28. Rxf3 Qc6 29. Rdf1 Rb7 30. Rf4 Bc3 31. Qf2 Kg7 32. g4 Be5 33. Rf3 Qd7 34. Bxh6+ $2 Kxh6 $19 35. Qh4+ Kg7 {[%emt 0:00:25] aiming for ...Rh8.} 36. Rh3 f5 $4 {[%emt 0:01:10][%mdl 8192] [#]} (36... Re8 $19 37. Qh7+ (37. Qh6+ Kg8 $17) 37... Kf8 38. Qxg6 a4) 37. Qh7+ $1 Kf6 38. g5+ $1 Ke6 39. Qxg6+ (39. exf5+ $142 Rxf5 40. Qxg6+ Ke7 41. Rh7+ Kd8 42. Rxd7+ Rxd7 43. Qxf5 Re7 44. h4) 39... Bf6 40. Qxf5+ (40. gxf6 $142 d5 41. Qxf5+ Kd6 42. Qxd5+ Kc7 43. Qxc5+ Kb8 44. Qxf8+ Kc7 45. Qc5+ Qc6 46. Rh7+ Kb8 47. Qxc6) 40... Ke7 $18 41. Rh7+ {[%emt 0:15:12][%mdl 64] [#] Skewer} Rf7 42. Rxf7+ Kxf7 43. Qxf6+ {[%emt 0:00:13] Weighted Error Value: White=0.23 (precise) /Black=0.64} 1-0

[Event "GER-ch Youth-U16 2022"]
[Site "Willingen"]
[Date "2022.06.08"]
[Round "6.13"]
[White "Guo, Philipp Ziming"]
[Black "Lerchl, Clemens"]
[Result "0-1"]
[ECO "B72"]
[WhiteElo "1825"]
[BlackElo "1843"]
[Annotator "NA RC COMBH"]
[PlyCount "66"]
[EventDate "2022.06.05"]
[EventType "swiss"]
[EventRounds "9"]
[EventCountry "GER"]
[SourceTitle "playchess.com"]
[Source "ChessBase"]
[SourceQuality "1"]
[TimeControl "40/4500+30:900+30"]

1. e4 c5 2. Nf3 d6 3. d4 cxd4 4. Nxd4 Nf6 5. Nc3 g6 6. Be3 Bg7 7. Be2 O-O 8. Qd2 Nc6 9. O-O-O d5 10. exd5 Nxd5 11. Nxc6 bxc6 12. Nxd5 cxd5 13. Qxd5 Qc7 14. Qxa8 Bf5 15. Qxf8+ Kxf8 16. Rd2 Be6 17. Kb1 f5 18. Rhd1 Qxh2 19. g3 Qg2 20. Bxa7 Bxb2 21. f3 Bc3 22. Rg1 Qh2 23. Rd8+ Kf7 24. Bb5 Qh5 25. Be8+ Kg7 26. Rd3 Bf6 27. Bb6 f4 28. gxf4 Bf5 29. Re3 Qh2 30. Rc1 Qxf4 31. a4 Qb8 32. Bxg6 Qxb6+ 33. Rb3 Qxb3# 0-1

[Event "GER-ch Youth-U16 2022"]
[Site "Willingen"]
[Date "2022.06.08"]
[Round "6.14"]
[White "Ehrig, Leon Chris"]
[Black "Beyer, Lorenz"]
[Result "1-0"]
[ECO "C00"]
[WhiteElo "1890"]
[BlackElo "1512"]
[Annotator "NA RC COMBH"]
[PlyCount "59"]
[EventDate "2022.06.05"]
[EventType "swiss"]
[EventRounds "9"]
[EventCountry "GER"]
[SourceTitle "playchess.com"]
[Source "ChessBase"]
[SourceQuality "1"]
[TimeControl "40/4500+30:900+30"]

1. e4 e6 2. Nf3 d5 3. e5 c5 4. b4 cxb4 5. a3 Nc6 6. axb4 Bxb4 7. c3 Ba5 8. d4 f6 9. Bd3 Bc7 10. Bf4 f5 11. Ng5 g6 12. Nf3 h6 13. h4 Qe7 14. Na3 a6 15. Nb5 Rb8 16. Nd6+ Kd7 17. Qc2 b5 18. Nxc8 Kxc8 19. Rxa6 Na5 20. O-O Qd7 21. Ra1 Nc4 22. Bxc4 bxc4 23. Bc1 Ne7 24. Ba3 Nc6 25. Bc5 Rb3 26. Nd2 Rb5 27. Qa4 Nb8 28. Ra7 Rd8 29. Bd6 Rb7 30. Rxb7 1-0

[Event "GER-ch Youth-U16 2022"]
[Site "Willingen"]
[Date "2022.06.08"]
[Round "6.15"]
[White "Tovmasyan, Minas"]
[Black "Gluma, Christian"]
[Result "1/2-1/2"]
[ECO "D02"]
[WhiteElo "1933"]
[BlackElo "2012"]
[Annotator "TA"]
[PlyCount "99"]
[EventDate "2022.06.05"]
[EventType "swiss"]
[EventRounds "9"]
[EventCountry "GER"]
[SourceTitle "playchess.com"]
[Source "ChessBase"]
[SourceQuality "1"]
[TimeControl "40/4500+30:900+30"]

1. d4 d5 2. Nf3 Nf6 3. c4 e6 4. g3 Bb4+ 5. Bd2 Be7 6. Bg2 O-O 7. b3 c6 8. O-O Nbd7 {[%emt 0:00:00] E11: Bogo-Indian.} 9. Bc3 Ne4 10. Bb2 f5 11. Nbd2 Qe8 12. Ne1 Ndf6 13. Nd3 Qh5 {[%emt 0:06:25] [#]} 14. Nxe4 $146 (14. Nf3 $16) ({Predecessor:} 14. Nf3 g5 15. Nfe5 Bd7 16. f3 Nd6 17. Qd2 Nf7 18. Qe3 Be8 19. Nc5 Bxc5 20. dxc5 {1-0 (41) Weissbrod,P-Thieme Garmann,A Koblenz 1990}) 14... Nxe4 (14... dxe4 $11 15. Ne5 Nd7) 15. f3 $16 Nd6 16. c5 Ne8 17. Bc1 Nf6 18. Bf4 Bd7 19. Qd2 Be8 20. b4 Nd7 21. Ne5 g5 22. Nxd7 Bxd7 23. Be5 Bf6 24. f4 Bxe5 25. dxe5 gxf4 26. Rxf4 Qg6 27. Raf1 Be8 ({Black should try} 27... Qg7 $11) 28. g4 {[%emt 0:02:37] White is more active.} (28. e4 $14 {feels stronger.}) 28... Qg7 29. gxf5 exf5 30. Rxf5 Rxf5 31. Rxf5 {[%emt 0:00:01] [#] And now Rg5 would win.} Bg6 $1 32. Rg5 {[%emt 0:01:26] Hoping for h4.} h6 33. Rg3 {[%emt 0:00:44] h4 is the strong threat.} (33. Rg4 $5 ) 33... Kh7 $1 34. Qf4 Rf8 35. Qg4 Re8 36. e6 Qa1+ 37. Kf2 {[%emt 0:00:24] The board is on fire.} Qf6+ 38. Rf3 Qxe6 39. Qxe6 Rxe6 $14 {[%emt 0:00:08][%mdl 4096] Endgame KRB-KRB} 40. Rf8 Be8 41. Bh3 Re7 42. Rf3 Bd7 {[%emt 0:00:00] The position is equal.} 43. Bxd7 Rxd7 $11 {[%emt 0:00:00] KR-KR} 44. Ra3 a6 45. Rg3 Re7 46. Kf3 Rf7+ 47. Ke3 Re7+ 48. Kd3 Re4 49. a3 a5 50. bxa5 {[%emt 0:04:29] Weighted Error Value: White=0.12 (very precise) /Black=0.10 (very precise)} 1/2-1/2

[Event "GER-ch Youth-U16 2022"]
[Site "Willingen"]
[Date "2022.06.08"]
[Round "6.16"]
[White "Hecht, Jonas Christian"]
[Black "Weidenhoefer, Max"]
[Result "1-0"]
[ECO "B11"]
[WhiteElo "1884"]
[BlackElo "1945"]
[Annotator "TA"]
[PlyCount "109"]
[EventDate "2022.06.05"]
[EventType "swiss"]
[EventRounds "9"]
[EventCountry "GER"]
[SourceTitle "playchess.com"]
[Source "ChessBase"]
[SourceQuality "1"]
[TimeControl "40/4500+30:900+30"]

1. e4 c6 2. Nf3 d5 3. Nc3 Bg4 4. h3 Bxf3 5. Qxf3 e6 6. d4 Nd7 7. Bd3 dxe4 8. Nxe4 Ngf6 9. c3 Be7 10. O-O O-O 11. Nxf6+ Nxf6 12. Re1 {[%emt 0:00:00] B17: Caro-Kann: Modern Line (4...Nd7).} Qd5 13. Qe2 Rfd8 14. Bc4 {[%emt 0:01:47] [#] White has an edge.} (14. Bf4 {seems wilder.} Bd6 15. Be3 h6 16. c4) 14... Qd7 $146 ({Predecessor:} 14... Qd6 15. Qf3 Rac8 16. Bf4 Qd7 17. Rad1 Nd5 18. Bc1 c5 19. dxc5 Rxc5 {½-½ (35) Hynd,W (1035)-Soydan,F (800) LSS email 2016}) 15. Bf4 Nd5 16. Be5 Bd6 17. Rad1 Qc7 18. h4 Rd7 19. Qg4 Bxe5 20. dxe5 Rad8 21. h5 h6 22. Qe4 Ne7 23. Bd3 g6 24. Bc2 Rxd1 25. Bxd1 Qd7 (25... Rd2 $11) 26. hxg6 (26. Bc2 $16) 26... fxg6 $2 (26... Nxg6 $11 27. Bc2 Qe7) 27. Bb3 $18 Kg7 28. Rd1 Qc8 29. Rxd8 Qxd8 30. Bxe6 {[%emt 0:00:13][%mdl 4096] Endgame KQB-KQN} Qd1+ 31. Kh2 Qh5+ 32. Bh3 Qg5 (32... g5 $142 33. Qb4 Qf7) 33. Qd4 {[%emt 0:01:25] Strongly threatening g3.} b6 (33... c5 {keeps fighting.} 34. Qe4 (34. Qxc5 Nc6 $16) 34... Qd2) 34. f4 Qh4 35. g3 Qh5 36. e6+ Kh7 37. Qd7 Qe2+ 38. Bg2 Qh5+ 39. Kg1 $1 Qc5+ 40. Kf1 {[%emt 0:00:48] b4 is the strong threat.} a5 {[%emt 0:02:26] Prevents b4.} (40... Kg7 41. Bxc6 (41. Qxa7 Qc4+ 42. Ke1 Qxe6+ 43. Kd2 c5 $16) 41... Qc4+ 42. Kf2 Qc5+ 43. Ke1 g5) 41. b3 {[%emt 0:21:56] Active counter play!} ({Less strong is} 41. Bxc6 Kg7 42. Bd5 h5 $18) 41... Kg7 {[%emt 0:19:46] [#]} 42. Bxc6 $1 Kf6 {[%emt 0:00:00] [#]} 43. Qe8 Kxe6 {[%emt 0:00:00] [#]} 44. Bb5 (44. Bd7+ $1 $18 {and the rest is easy.} Kd5 45. Qa8+ Nc6 46. Qg8+ Kd6 47. Bxc6 Kxc6 48. Qxg6+ Kd7 49. Qd3+ Ke7 50. c4) 44... Qc8 {[%emt 0:00:00] [#]} (44... Qd6 $16 {was necessary.} 45. Ke2 Kf5) 45. Bc4+ $1 ({Resist} 45. f5+ $6 gxf5 46. Bc4+ Kd6 $16) 45... Kd6 46. Qf7 ({White should try} 46. Qxc8 $18 {White wants to mate with Qe6+.} Nxc8 47. Kf2) 46... Qf5 47. Qg7 ({Don't play} 47. Qe8 Nd5 $16) 47... h5 48. Qd4+ Kc7 49. Kf2 Kc6 (49... Qc2+ $142 50. Be2 Qf5) 50. Qd8 Qc5+ 51. Kg2 {[%emt 0:00:00] Black must now prevent Be2.} b5 $2 (51... Qd6 52. Qxd6+ Kxd6) 52. Be2 Kb7 53. Bf3+ Ka6 54. Qd7 Qa7 {[%emt 0:02:13] Against Qb7+} 55. Qd6+ {[%emt 0:00:00] Weighted Error Value: White=0.18 (very precise) /Black=0.51} 1-0

[Event "GER-ch Youth-U16 2022"]
[Site "Willingen"]
[Date "2022.06.09"]
[Round "7.1"]
[White "Laux, Dominik"]
[Black "Lutsko, Artem"]
[Result "1/2-1/2"]
[ECO "B90"]
[WhiteElo "2263"]
[BlackElo "2392"]
[Annotator "TA"]
[PlyCount "71"]
[EventDate "2022.06.05"]
[EventType "swiss"]
[EventRounds "9"]
[EventCountry "GER"]
[SourceTitle "playchess.com"]
[Source "ChessBase"]
[SourceQuality "1"]
[TimeControl "40/4500+30:900+30"]

1. e4 c5 2. Nf3 d6 3. d4 cxd4 4. Nxd4 Nf6 5. Nc3 a6 6. Be3 e5 7. Nb3 Be7 8. f3 Be6 9. Qd2 h5 10. Nd5 Nxd5 11. exd5 Bf5 {[%emt 0:00:00] B90: Sicilian Najdorf: Unusual White 6th moves, 6 Be3 Ng4 and 6 Be3 e5.} 12. Be2 a5 $1 {[%emt 0:00:00][%mdl 4] is currently scoring better than 12...Nd7.} 13. Bb5+ Bd7 {[%emt 0:00:00] White has an edge.} 14. a4 {[%emt 0:00:00] [#]} O-O $146 ({Predecessor:} 14... Bh4+ 15. g3 Be7 16. O-O O-O 17. Kh1 b6 18. Qe2 Bxb5 19. axb5 Nd7 20. Nd2 f5 {½-½ (38) Weber Widmer,D (2336)-Roberts,A (2357) ICCF email 2019}) 15. O-O Bxb5 16. axb5 a4 17. Qb4 Nd7 18. Rxa4 Rxa4 19. Qxa4 Bg5 $1 20. Bxg5 Qxg5 21. Qa7 Nf6 22. Qxb7 (22. c4 $5 ) 22... Qe3+ 23. Rf2 $1 e4 24. Qc6 Rb8 25. Kf1 exf3 26. gxf3 Re8 {[%emt 0:03:26][%cal Of6g4] [#] ...Ng4! is the strong threat.} 27. Qc3 {[%emt 0:09:53] Strongly threatening Qxe3.} ({Wrong is} 27. Qxd6 $2 {[#]} Ng4 $1 28. Qg3 (28. fxg4 $2 {is a self mate.} Qh3+ 29. Rg2 Qf3+ 30. Rf2 Qh1#) 28... Qe1+ 29. Kg2 Nxf2 $19) 27... Qb6 (27... Qe7 $1 $14) 28. Re2 (28. Qa5 $16 Qb7 29. c4) 28... Qxb5 {[%emt 0:01:00] The position is equal.} 29. Nd4 Qa6 30. Qc6 Qa1+ 31. Kf2 {[%emt 0:01:41] Active counter play!} Rxe2+ 32. Kxe2 Qxb2 33. Qc8+ Kh7 34. Qf5+ Kg8 35. Qc8+ Kh7 36. Qf5+ {[%emt 0:00:36] Weighted Error Value: White=0.08 (flawless) /Black=0.07 (flawless)} 1/2-1/2

[Event "GER-ch Youth-U16 2022"]
[Site "Willingen"]
[Date "2022.06.09"]
[Round "7.2"]
[White "Foerster-Yialamas, Lucas"]
[Black "Bakiev, Diyor"]
[Result "1/2-1/2"]
[ECO "B12"]
[WhiteElo "2117"]
[BlackElo "2157"]
[Annotator "TA"]
[PlyCount "87"]
[EventDate "2022.06.05"]
[EventType "swiss"]
[EventRounds "9"]
[EventCountry "GER"]
[SourceTitle "playchess.com"]
[Source "ChessBase"]
[SourceQuality "1"]
[TimeControl "40/4500+30:900+30"]

1. e4 c6 2. d4 d5 3. e5 Bf5 4. h4 h5 5. Bd3 Bxd3 6. Qxd3 {[%emt 0:00:00][%cal Oe5e6] B12: Caro-Kann: Advance Variation.} Qa5+ 7. Nd2 e6 8. Ngf3 Nh6 9. O-O Nf5 10. Nb3 $1 {[%emt 0:00:00][%mdl 4] is currently scoring better than 10.c4.} Qa6 11. Qd1 b6 12. Bg5 c5 {[%emt 0:00:00] [#]} 13. c3 $146 ({Predecessor:} 13. dxc5 Bxc5 14. c3 Nc6 15. Nxc5 bxc5 16. Re1 Rc8 17. b3 Rc7 18. Rc1 Qxa2 19. Ra1 {½-½ (25) Dubov,D (2714)-Anton Guijarro,D (2669) Terme Catez 2021}) 13... Nc6 14. Be3 cxd4 15. Nbxd4 Ncxd4 16. Bxd4 Be7 17. g3 Rc8 18. a4 O-O 19. Qd2 Qc4 20. a5 Nxd4 21. Nxd4 bxa5 22. Rxa5 Qc7 23. Ra6 Qxe5 24. Rxa7 Bc5 25. Ra4 Qf6 26. Qd3 Bb6 27. Ne2 (27. Nf3 $11) 27... Rcd8 28. Nf4 g6 29. Ra6 Rd6 30. Kg2 Rfd8 31. Qb5 Bc7 {[%emt 0:04:59] [#] And now ...Rb8 would win.} 32. Ra7 R6d7 (32... e5 $5 33. Ne6 (33. Rxc7 exf4 34. Qe2 d4 $15) 33... Rxe6 34. Rxc7 Rb6 $15) 33. Rfa1 Qe7 34. Nd3 {[%emt 0:00:37] aiming for Nc5.} Bd6 {[%emt 0:00:45] Prevents Nc5.} 35. Ra8 Kh7 36. b4 Rc7 37. Qb6 e5 (37... Kg7 $11) 38. Rxd8 $16 {[%emt 0:01:19] White is more active.} Qxd8 39. Ra6 ({White should play} 39. Ra5 $16 e4 40. Rxd5 exd3 41. Rxd6 (41. Qxd6 Qxd6 42. Rxd6 Rxc3 $14) 41... Qa8+ 42. Kh2 Rxc3 43. Qe3) 39... Rd7 40. Qc6 Qe7 {[%emt 0:01:15] [#]} (40... e4 $11 {remains equal.} 41. Nc5 Bxc5 42. Qxc5 (42. bxc5 Qe7 $11) 42... d4) 41. Qxd5 (41. Ra8 $1 $16 {Black must now prevent Qc8.} Rc7 42. Qxd5) 41... Bxb4 $1 $11 {[%emt 0:00:00] The position is equal.} 42. Qc4 Bd6 43. Nb4 Bxb4 44. Qxb4 {[%emt 0:00:41] Weighted Error Value: White=0.15 (very precise) /Black=0.13 (very precise)} 1/2-1/2

[Event "GER-ch Youth-U16 2022"]
[Site "Willingen"]
[Date "2022.06.09"]
[Round "7.3"]
[White "Petrovskyi, Vadym"]
[Black "Sidletskyi, Ivan"]
[Result "1/2-1/2"]
[ECO "C11"]
[WhiteElo "2330"]
[BlackElo "2084"]
[Annotator "TA"]
[PlyCount "65"]
[EventDate "2022.06.05"]
[EventType "swiss"]
[EventRounds "9"]
[EventCountry "GER"]
[SourceTitle "playchess.com"]
[Source "ChessBase"]
[SourceQuality "1"]
[TimeControl "40/4500+30:900+30"]

1. e4 e6 2. d4 d5 3. Nc3 Nf6 4. e5 Nfd7 5. f4 c5 6. Nf3 Nc6 7. Be3 cxd4 8. Nxd4 Qb6 9. Qd2 Qxb2 10. Rb1 Qa3 11. Bb5 Nxd4 {[%emt 0:00:00] C11: French: Classical System: 4 e5 and 4 Bg5 dxe4.} 12. Bxd4 ({Of course not} 12. Qxd4 a6 13. Bxd7+ Bxd7 14. Rxb7 Rc8 $17) 12... a6 13. Bxd7+ Bxd7 14. Rxb7 (14. Rb3 $5 Qe7 15. Rxb7 $14) 14... Bb4 {[%emt 0:00:00] And now ...Rc8 would win. The position is equal.} 15. O-O {[%emt 0:03:16] aiming for Rb1.} Rc8 16. Nb1 (16. Rf3 $5 ) 16... Bxd2 17. Nxa3 Ke7 {[%emt 0:12:36] [#]} 18. c4 $146 ({Predecessor:} 18. g3 Bc3 19. Rd1 Bxd4+ 20. Rxd4 Rc3 21. Rb3 Rhc8 22. Kf2 Rxc2+ 23. Nxc2 Rxc2+ 24. Ke3 Rxa2 {1-0 (56) Agopov,M (2436)-Jarvenpaa,J (2068) Jyvaskyla 2007}) 18... dxc4 19. Rd1 c3 (19... Bxf4 $2 {[#]} 20. Bc5+ $1 (20. Bb6 Bxe5 21. Rdxd7+ Kf6 $16) 20... Ke8 21. Rbxd7 $18) 20. Bxc3 {[%emt 0:01:13][%mdl 64] [#] Remove Defender} Rxc3 21. Rxd2 Rd8 22. Nc2 Ke8 23. Ne1 Rcc8 24. Nf3 Bc6 (24... Rc4 {with more complications.} 25. f5 exf5 26. Ng5 h5) 25. Rxd8+ Rxd8 26. Ra7 Bxf3 27. gxf3 $11 {[%emt 0:00:02][%mdl 4096] Endgame KR-KR} Rd1+ 28. Kf2 Rd2+ 29. Kg3 Rxa2 30. Ra8+ Ke7 31. Ra7+ Ke8 32. Ra8+ Ke7 33. Ra7+ {[%emt 0:00:04] An even fight not without its subleties.  Weighted Error Value: White=0.05 (flawless) /Black=0.04 (flawless)} 1/2-1/2

[Event "GER-ch Youth-U16 2022"]
[Site "Willingen"]
[Date "2022.06.09"]
[Round "7.4"]
[White "Farokhi, Keyvan"]
[Black "Jaskulski, Jan"]
[Result "1/2-1/2"]
[ECO "D11"]
[WhiteElo "2360"]
[BlackElo "1727"]
[Annotator "TA"]
[PlyCount "120"]
[EventDate "2022.06.05"]
[EventType "swiss"]
[EventRounds "9"]
[EventCountry "GER"]
[SourceTitle "playchess.com"]
[Source "ChessBase"]
[SourceQuality "1"]
[TimeControl "40/4500+30:900+30"]

1. d4 d5 2. Nf3 Nf6 3. c4 c6 4. e3 e6 5. Bd3 Nbd7 6. Nbd2 Bd6 7. O-O O-O 8. e4 e5 9. c5 {[%emt 0:04:53] D30: Queen's Gambit Declined: Systems without Nc3.} Bc7 10. exd5 Nxd5 {[%emt 0:02:11] [#]} 11. Nxe5 $146 ({Predecessor:} 11. Nb3 exd4 12. Nfxd4 Ne5 13. Bb1 Qh4 14. f4 Ng4 15. Nf3 Qh5 16. Qe1 Nxf4 17. Bxf4 Bxf4 {0-1 (23) El Nabawy,N (1557)-Bourkhis,A (1917) Sousse 2021}) 11... Nxe5 12. dxe5 Nf4 13. Be4 Bxe5 14. Nc4 Bc7 15. Nd6 Nd5 (15... Bxd6 $11 {keeps the balance.} 16. cxd6 Ng6) 16. Bxd5 $16 (16. Qh5 Nf6 17. Qh4 Nxe4 18. Qxe4 Bxd6 19. cxd6 Qxd6 $17) 16... cxd5 17. Qxd5 Be6 18. Qxb7 {[%emt 0:10:14] 0x0.001761e8add8dp-1022s more active pieces. The black rooks are badly placed.} Bxd6 19. cxd6 Qxd6 20. Be3 Bd5 ({Weaker is} 20... Rab8 21. Qxa7 Ra8 22. Qc5 Qxc5 23. Bxc5 $16) 21. Qb5 Rfd8 22. Rfd1 Qe6 23. Qd3 Rd7 24. Rd2 Rad8 25. Qf1 (25. Qc2 $14) 25... h6 (25... Bxa2 $5 26. Rxd7 Rxd7 $14) 26. b3 Bc6 27. Rxd7 Rxd7 28. Re1 Qd5 {[%emt 0:01:38] [#] Strongly threatening ...Bb5.} 29. f3 Qa5 30. Qf2 a6 31. h4 Rd3 32. Rc1 Qd5 33. Bf4 Bb7 (33... Rd1+ $14 34. Rxd1 Qxd1+ 35. Kh2 Qd5) 34. Kh2 Bc6 35. Qc5 Qd8 36. Bg3 Bb7 37. Qc7 Qd5 (37... Rd7 $16 38. Qxd8+ Rxd8) 38. Qb8+ $2 (38. Rc5 $18 {is the precise move to win.} Qd4 39. Qb8+ (39. Rf5 Qd7 $16) 39... Kh7 {[#]} 40. Qxb7 $1) 38... Kh7 39. Qe5 ({Better is} 39. Rc7 $16 Bc6 40. Qb6) 39... Qxe5 40. Bxe5 $11 {[%emt 0:00:02][%mdl 4096] Endgame KRB-KRB} Rd2 41. Rc7 Bxf3 42. Rxf7 Rxg2+ 43. Kh3 Bd5 44. Ra7 Rg6 $1 45. h5 Rg5 46. Bf6 Be6+ 47. Kh2 ({But not} 47. Kh4 $2 Rg4+ 48. Kh3 Rg6+ 49. Kh4 Rxf6 $19) 47... Rxh5+ 48. Kg3 Kg6 49. Bd8 Rd5 50. Rxa6 Kf5 51. Bb6 g5 52. Be3 h5 {[%emt 0:00:24] aiming for ...h4+.} 53. Bxg5 {[%emt 0:01:23] The position is equal.} Bc8 54. Ra8 Kxg5 55. Rxc8 {[%emt 0:00:07] KR-KR} Rd3+ 56. Kf2 Rd2+ 57. Kf3 Rxa2 58. b4 Ra3+ 59. Ke4 Rb3 60. Rg8+ Kh4 {[%emt 0:00:14] Weighted Error Value: White=0.25 (precise) /Black=0.25 (precise)} 1/2-1/2

[Event "GER-ch Youth-U16 2022"]
[Site "Willingen"]
[Date "2022.06.09"]
[Round "7.5"]
[White "Hommer, Jeremy"]
[Black "Stork, Christopher"]
[Result "1/2-1/2"]
[ECO "B22"]
[WhiteElo "2152"]
[BlackElo "1994"]
[Annotator "TA"]
[PlyCount "64"]
[EventDate "2022.06.05"]
[EventType "swiss"]
[EventRounds "9"]
[EventCountry "GER"]
[SourceTitle "playchess.com"]
[Source "ChessBase"]
[SourceQuality "1"]
[TimeControl "40/4500+30:900+30"]

1. e4 c5 2. c3 e6 3. Nf3 d5 4. exd5 Qxd5 5. d4 Nf6 6. Na3 Nc6 7. Be3 cxd4 {[%emt 0:00:00] [#] B22: Sicilian: 2 c3.} 8. Nb5 $1 {[%emt 0:00:00] Threatens to win with Nc7+.} Qd8 {[%emt 0:00:00] Against Nc7+} 9. Nbxd4 Nd5 {[%emt 0:05:15] 9...Nd5 is better than 9...Nxd4.} 10. Bb5 Bd7 {[%emt 0:04:10] [#]} 11. Qe2 $146 ({Predecessor:} 11. O-O Qc7 12. Qb3 Nxe3 13. fxe3 Be7 14. Rad1 Rd8 15. Qa4 O-O 16. Nxc6 bxc6 17. Bd3 {1-0 (38) Muzychuk,M (2520)-Dragnev,V (2344) Caleta 2015}) 11... Be7 12. O-O O-O 13. Bd3 Bf6 14. Rad1 Qe7 15. Bb1 Rad8 16. Rfe1 Rfe8 17. Bc1 a6 (17... Nxd4 $11 18. Nxd4 Ba4) 18. c4 Nc7 19. b3 e5 20. Nxc6 Bxc6 21. Be4 Bxe4 22. Qxe4 Ne6 23. Be3 ({Wrong is} 23. Nxe5 $2 Nc5 24. Qe3 Qxe5 $19) 23... Nf8 24. h3 Ng6 25. g3 {[%emt 0:02:46] White is more active.} Qc7 26. Bc1 Rxd1 27. Rxd1 Be7 28. Kg2 Bc5 29. Be3 Bxe3 30. Qxe3 f6 31. Qe4 Ne7 32. Qd3 Nc6 {[%emt 0:01:02] Weighted Error Value: White=0.14 (very precise) /Black=0.12 (very precise)} 1/2-1/2

[Event "GER-ch Youth-U16 2022"]
[Site "Willingen"]
[Date "2022.06.09"]
[Round "7.6"]
[White "Metzdorf, Matteo"]
[Black "Bui, Bao Anh Le"]
[Result "1/2-1/2"]
[ECO "B54"]
[WhiteElo "2009"]
[BlackElo "2127"]
[Annotator "TA"]
[PlyCount "64"]
[EventDate "2022.06.05"]
[EventType "swiss"]
[EventRounds "9"]
[EventCountry "GER"]
[SourceTitle "playchess.com"]
[Source "ChessBase"]
[SourceQuality "1"]
[TimeControl "40/4500+30:900+30"]

1. e4 c5 2. Nf3 d6 3. d4 cxd4 4. Nxd4 Nf6 5. f3 e5 6. Nb3 Be6 7. c4 Nbd7 (7... Nxe4 8. fxe4 Qh4+ 9. Kd2 $16) 8. Be3 {[%emt 0:00:00] B55: Sicilian: 2...d6 3 d4 cxd4 4 Nxd4 Nf6 5 f3.} a6 ({Black should try} 8... b5 $11) 9. Nc3 $14 Rc8 10. Nd5 Bxd5 11. cxd5 (11. exd5 Be7 $11) 11... Be7 12. Qd2 Nh5 13. g3 h6 {[%emt 0:07:28] [#]} 14. Na5 $146 ({Predecessor:} 14. Bh3 Bg5 15. O-O Bxe3+ 16. Qxe3 O-O 17. Rac1 Rb8 18. Rc3 b6 19. Bxd7 Qxd7 20. Rc6 {½-½ (56) Nguyen,K (2113)-Miller,D (2061) Red Deer 2015}) 14... Rc7 15. Be2 $1 Bg5 16. Nc4 $1 ({And not} 16. f4 exf4 17. gxf4 Bxf4 $1 18. Bxh5 (18. Bxf4 $2 Qh4+ 19. Kd1 Nxf4 $19) 18... Bxe3 19. Qxe3 (19. Bxf7+ Kxf7 20. Qxe3 Re8 $17) 19... Qh4+ 20. Kd2 Qxh5 $17) 16... Qe7 {[%emt 0:11:59] [#]} 17. O-O $1 {[%emt 0:02:12][%cal Bh1f1,Bf1c1,Bc1c7][%mdl 32] Threatens to win with f4.} Bxe3+ 18. Nxe3 {[%emt 0:06:36] Hoping for Nf5.} (18. Qxe3 O-O $14) 18... Qg5 19. Rac1 Rxc1 20. Rxc1 {[%emt 0:00:08] And now Rc8+ would win.} ({Don't do} 20. Qxc1 Nb6 $16) 20... O-O 21. b4 (21. Kf2 $142) 21... Rb8 $16 22. Kh1 g6 23. Rc7 Qd8 24. Rc2 Nhf6 25. Nc4 Qf8 26. Na5 Ne8 {[%emt 0:00:12] Prevents Rc7.} 27. Bf1 (27. Qe3 $16) 27... Kg7 28. Bh3 Qe7 29. Qe3 {[%emt 0:00:52] aiming for Qa7.} Qd8 30. Qc3 {[%emt 0:02:49] White is much more active. The black rooks are badly placed.} Nb6 31. Qe3 (31. a3 $16) 31... Nf6 (31... Nd7 $1 $11 {remains equal.}) 32. Qc1 Ne8 {[%emt 0:00:20] Weighted Error Value: White=0.09 (flawless) /Black=0.16 (very precise)} 1/2-1/2